 Dungeon Crawl Stone Soup version 0.22-a0-353-g2d6336e (webtiles) character file.

266 Amnesiac the Digger (level 6, 0/28 HPs)
             Began as a Spriggan Earth Elementalist on Apr 15, 2018.
             Slain by a gnoll
             ... wielding a +0 whip of electrocution
              (11 damage)
             ... on level 4 of the Dungeon.
             The game lasted 00:06:21 (2878 turns).

Amnesiac the Digger (Spriggan Earth Elementalist)   Turns: 2878, Time: 00:06:22

Health: 0/28       AC:  2    Str:  4    XL:     6   Next: 0%
Magic:  10/12      EV: 18    Int: 19    God:
Gold:   110        SH:  0    Dex: 16    Spells: 5/12 levels left

rFire    . . .     SeeInvis +   h - -1 hunting sling (curse)
rCold    . . .     Gourm    .   (shield restricted)
rNeg     . . .     Faith    .   c - +0 robe
rPois    .         Spirit   .   (helmet restricted)
rElec    .         Reflect  .   (no cloak)
rCorr    .         Harm     .   (gloves unavailable)
MR       +....                  (boots unavailable)
Stlth    ++........             (no amulet)
HPRegen  0.09/turn              (no ring)
MPRegen  0.13/turn              (no ring)

@: very quick
A: very small, unfitting armour, see invisible, herbivore, speed 3, slow
metabolism 2
a: no special abilities


You were on level 4 of the Dungeon.
You were not hungry.

You visited 1 branch of the dungeon, and saw 5 of its levels.

You collected 110 gold pieces.

Inventory:

Hand Weapons
 a - a +0 dagger
 h - a cursed -1 hunting sling (weapon)
Missiles
 i - 46 sling bullets (quivered)
Armour
 c - a +0 robe (worn)
Jewellery
 m - an uncursed amulet of rage {unknown}
Wands
 e - a wand of enslavement (12)
 f - a wand of flame (22)
Scrolls
 g - a scroll of fear {!r}
 k - a scroll of blinking {!r, unknown}
 l - 2 scrolls of remove curse {!r, unknown}
 o - 2 scrolls of magic mapping {!r, unknown}
Potions
 j - a potion of curing {!q, unknown}
 n - a potion of lignification {!q}
Comestibles
 d - 3 rations


   Skills:
 - Level 1.0 Short Blades
 - Level 3.0 Dodging
 - Level 3.0 Stealth
 - Level 3.9 Spellcasting
 + Level 4.3 Transmutations
 - Level 4.7 Earth Magic


You had 5 spell levels left.
You knew the following spells:

 Your Spells              Type           Power        Failure   Level  Hunger
a - Sandblast             Erth           ###...       1%          1    None
b - Passwall              Tmut/Erth      ###.......   3%          2    ##.....
e - Petrify               Tmut/Erth      ###.....     22%         4    ####...


Dungeon Overview and Level Annotations

Branches:
Dungeon (5/15)
 Temple: D:4-7

Altars:
Makhleb
Nemelex Xobeh
Uskayaw
The Shining One

Annotations:
D:3 Terence
D:4 Feta's ghost, novice FoFi
D:5 Amnesiac's ghost, amateur SpEE


Innate Abilities, Weirdness & Mutations

You are very small and have problems with some larger weapons.
You are too small for most types of armour.
You have supernaturally acute eyesight. (SInv)
You are a herbivore.
You cover ground extremely quickly.
You need to consume almost no food.


Message History

Firing (i - inventory)
i - 55 sling bullets (quivered)
Press: ? - help, Shift-Dir - straight line, f/p - gnoll shaman
Aim: a gnoll shaman, wielding an enchanted whip and wearing a leather armour (moderately wounded)
You shoot a sling bullet. The sling bullet hits the gnoll shaman.
The gnoll shaman is heavily wounded.
The gnoll shaman hits you with an enchanted whip.
There is a stone staircase leading up here.
Firing (i - inventory)
i - 54 sling bullets (quivered)
Press: ? - help, Shift-Dir - straight line, f/p - gnoll shaman
Aim: a gnoll shaman, wielding an enchanted whip and wearing a leather armour (heavily wounded)
You shoot a sling bullet.
The sling bullet closely misses the gnoll shaman.
Firing (i - inventory)
i - 53 sling bullets (quivered)
Press: ? - help, Shift-Dir - straight line, f/p - gnoll shaman
Aim: a gnoll shaman, wielding an enchanted whip and wearing a leather armour (heavily wounded)
You shoot a sling bullet.
The sling bullet hits the gnoll shaman but does no damage.
The gnoll shaman is heavily wounded.
The gnoll shaman hits you but does no damage.
Firing (i - inventory)
i - 52 sling bullets (quivered)
Press: ? - help, Shift-Dir - straight line, f/p - gnoll shaman
Aim: a gnoll shaman, wielding an enchanted whip and wearing a leather armour (heavily wounded)
You shoot a sling bullet.
The sling bullet hits the gnoll shaman but does no damage.
The gnoll shaman is heavily wounded.
The gnoll shaman calls upon its god to speed up the gnoll.
The gnoll seems to speed up.
You hear a shout!
Firing (i - inventory)
i - 51 sling bullets (quivered)
Press: ? - help, Shift-Dir - straight line, f/p - gnoll shaman
Aim: a gnoll shaman, wielding an enchanted whip and wearing a leather armour (heavily wounded)
You shoot a sling bullet.
The sling bullet closely misses the gnoll shaman.
The gnoll shaman closely misses you.
Firing (i - inventory)
i - 50 sling bullets (quivered)
Press: ? - help, Shift-Dir - straight line, f/p - gnoll shaman
Aim: a gnoll shaman, wielding an enchanted whip and wearing a leather armour (heavily wounded)
You shoot a sling bullet.
The sling bullet hits the gnoll shaman but does no damage.
The gnoll shaman is heavily wounded.
Firing (i - inventory)
i - 49 sling bullets (quivered)
Press: ? - help, Shift-Dir - straight line, f/p - gnoll shaman
Aim: a gnoll shaman, wielding an enchanted whip and wearing a leather armour (heavily wounded)
You shoot a sling bullet.
The sling bullet closely misses the gnoll shaman.
The sling bullet hits the gnoll.
The gnoll is moderately wounded.
The gnoll shaman calls upon its god to heal the gnoll.
The gnoll's wounds heal themselves!
Firing (i - inventory)
i - 48 sling bullets (quivered)
Press: ? - help, Shift-Dir - straight line, f/p - gnoll shaman
Aim: a gnoll shaman, wielding an enchanted whip and wearing a leather armour (moderately wounded)
You shoot a sling bullet.
The sling bullet hits the gnoll shaman but does no damage.
The gnoll shaman is moderately wounded.
Firing (i - inventory)
i - 47 sling bullets (quivered)
Press: ? - help, Shift-Dir - straight line, f/p - gnoll shaman
Aim: a gnoll shaman, wielding an enchanted whip and wearing a leather armour (moderately wounded)
You shoot a sling bullet.
The sling bullet hits the gnoll but does no damage.
The gnoll hits you with a whip of electrocution!
* * * LOW HITPOINT WARNING * * *
You are electrocuted!
You die...

#########
#.....†.##############
#.#####.............(#
##†##################.#
#####...........@g(g....#.#
.......############.(.....#
######.# #.###.### #.# #g#
#.######## #># #.#
#........# #.#
##(###..[..##.# #.#
#####...##.###.##.# # ##.##
#(<((......# #.##.#
#####...####
#.###...##.###.##.#


You could see a gnoll shaman and a gnoll.

Vanquished Creatures
  A phantom (D:4)
  A centaur skeleton (D:4)
  2 worker ants (D:4)
  A howler monkey skeleton (D:4)
  A gnoll (D:4)
  An adder (D:4)
  A shadow imp (D:2)
  2 worms (D:2)
  3 dart slugs
  A leopard gecko (D:4)
  7 orcs
  4 hobgoblins
  7 jackals
  4 kobolds
  3 quokkas
  4 bats
  A frilled lizard (D:1)
  3 goblins
  2 rats (D:2)
49 creatures vanquished.

Notes
Turn   | Place    | Note
-------+----------+-------------------------------------------
     0 | D:1      | Amnesiac the Spriggan Earth Elementalist began the quest for the Orb.
     0 | D:1      | Reached XP level 1. HP: 9/9 MP: 5/5
    91 | D:2      | Reached XP level 2. HP: 13/13 MP: 1/7
    95 | D:2      | Learned a level 2 spell: Passwall
   160 | D:2      | Reached skill level 1 in Short Blades
   564 | D:4      | Reached XP level 3. HP: 3/16 MP: 6/8
   790 | D:4      | Noticed Feta's ghost (novice FoFi)
   971 | D:4      | Noticed a phantom
   982 | D:3      | Noticed Terence
  1454 | D:2      | Found a burning altar of Makhleb.
  1660 | D:4      | Reached XP level 4. HP: 21/21 MP: 10/10
  2124 | D:4      | Reached XP level 5. HP: 22/24 MP: 9/11
  2335 | D:4      | Found a hide-covered altar of Uskayaw.
  2335 | D:4      | Found a sparkling altar of Nemelex Xobeh.
  2353 | D:4      | Found a glowing golden altar of the Shining One.
  2426 | D:5      | Entered Level 5 of the Dungeon
  2426 | D:5      | Noticed Amnesiac's ghost (amateur SpEE)
  2651 | D:4      | Killed a phantom
  2658 | D:4      | Learned a level 4 spell: Petrify
  2815 | D:4      | Reached XP level 6. HP: 28/28 MP: 10/12
  2878 | D:4      | Slain by a gnoll

Vault maps used:
D:1:      dpeg_arrival_shelter
D:2:      lemuel_doored_altar, makhleb_grotto_becter
D:3:      uniq_terence
D:4:      grunt_temple_overflow_open
D:5:      first_ration, kennysheep_crisscross, uniq_prince_ribbit1

Skill      XL: |  1  2  3  4  5 |
---------------+----------------+-----
Spellcasting   | 3 |  3.9
Earth Magic    | 3 4 |  4.7
Short Blades   | 1 |  1.0
Transmutations | 3 4 |  4.3
Dodging        | |  3.0
Stealth        | |  3.0

Action                   |  1- 3 |  4- 6 || total
-------------------------+-------+-------++-------
Melee: Dagger            |     2 |       ||     2
 Fire: Hunting sling     |    61 |    77 ||   138
 Cast: Sandblast         |    57 |    40 ||    97
  Use: Scroll            |     2 |     1 ||     3
Armor: Robe              |     6 |     4 ||    10
Dodge: Dodged            |    42 |    45 ||    87

Table legend:
 A = Spawn XP
 B = Non-spawn XP
 C = Spawn XP percentage of total XP
 D = Spawn monster count
 E = Non-spawn monster count
 F = Spawn count percentage of total count
 G = Total turns spent on level
                    A         B        C        D         E        F      G
               +---------+---------+-------+---------+---------+-------+---------
         Total |       0 |     381 |   0.0 |       0 |      49 |   0.0 |  2878
               +---------+---------+-------+---------+---------+-------+---------
           D:1 |       0 |       8 |   0.0 |       0 |       4 |   0.0 |    77
           D:2 |       0 |      42 |   0.0 |       0 |      14 |   0.0 |   660
           D:3 |       0 |      29 |   0.0 |       0 |      14 |   0.0 |   386
           D:4 |       0 |     302 |   0.0 |       0 |      17 |   0.0 |  1751
               +---------+---------+-------+---------+---------+-------+---------
